 Dungeon Crawl Stone Soup version 0.30-a0-1157-g2cc9ac7196 (webtiles) character file.

Game seed: 15597009298583649696

71 Jeffwins the Vexing (level 4, -5/32 HPs)
             Began as a Human Wanderer on Apr 24, 2023.
             Slain by a worm (7 damage)
             ... on level 2 of the Dungeon.
             The game lasted 00:07:11 (1892 turns).

Jeffwins the Vexing (Human Wanderer)                Turns: 1892, Time: 00:07:11

Health: -5/32      AC:  3    Str:  9    XL:     4   Next: 47%
Magic:  2/7        EV: 12    Int: 18    God:
Gold:   47         SH:  0    Dex: 12    Spells: 2/7 levels left

rFire   . . .        a - +0 dagger
rCold   . . .        (no shield)
rNeg    . . .        c - +0 robe
rPois   .            d - +0 helmet
rElec   .            (no cloak)
rCorr   .            (no gloves)
SInv    .            (no boots)
Will    .....        (no amulet)
Stlth   ++           (no ring)
HPRegen 0.25/turn    (no ring)
MPRegen 0.10/turn

%: no passive effects
@: no status effects
A: no striking features
a: no special abilities


You were on level 2 of the Dungeon.
You visited 1 branch of the dungeon, and saw 2 of its levels.

You collected 47 gold pieces.


   Skills:
 + Level 1.2 Fighting
 * Level 1.1 Short Blades
 - Level 2.0 Dodging
 + Level 1.4 Stealth
 * Level 2.4 Spellcasting
 * Level 3.4 Hexes
 * Level 1.2 Ice Magic
 * Level 1.5 Air Magic
 * Level 0.3 Poison Magic


You had 2 spell levels left.
You knew the following spells:

 Your Spells              Type           Power      Damage    Failure   Level
s - Slow                  Hex            56%        N/A       4%          1
x - Poisonous Vapours     Pois/Air       10%        N/A       19%         2
z - Ensorcelled Hibernat  Hex/Ice        20%        N/A       10%         2

Your spell library contained the following spells:

 Spells                   Type           Power      Damage    Failure   Level
 Cigotuvi's Dreadful Rot  Necr/Pois/Air  8%         N/A       21%         2
 Portal Projectile        Hex/Tloc       16%        N/A       26%         3
 Vhi's Electric Charge    Tloc/Air       10%        N/A       36%         3
 Arcjolt                  Conj/Air       2%         1d12      98%         5
 Plasma Beam              Fire/Air       2%         2x1d14    100%        6

Inventory:

Hand Weapons
 a - a +0 dagger (weapon)
 l - a +0 eveningstar
Armour
 c - a +0 robe (worn)
 d - a +0 helmet (worn)
Scrolls
 e - 2 scrolls of teleportation {unknown}
 f - 2 scrolls of vulnerability {unknown}
 g - a scroll of torment {unknown}
 h - a scroll of summoning {unknown}
 j - 2 scrolls of identify {unknown}
 m - a scroll of amnesia {unknown}
Potions
 b - a potion of heal wounds {@q2}
 i - a potion of haste {@q3}
 k - a potion of brilliance {unknown}

Dungeon Overview and Level Annotations

Branches:
Dungeon (2/15)

Altars:

Shops:
D:1

? ....## #.........# #..
♣.♣.# ##............# #..
.♣..# ##...##########.##.
#.. ♣.♣.# #..## #.). #..
....# #.# ..## #..
♣.♣.###.###### ###..## #
#.. .♣.......>...#
#.$...... #..
♣.♣..........#####..#..#
##.
...............w@......#
##
♣.♣......<......##.###...#
# .♣...........#####.# #
♣.#..........# #.#
<##..........# #.#
.....)..###### ..#
.######## .## .


You could see a worm.


Message History

The worm is almost dead.
You hit the worm.
The worm is almost dead.
The worm closely misses you.
You hit the worm.
The worm is almost dead.
Unknown command.
You hit the worm but do no damage.
The worm is almost dead.
The worm closely misses you.
You hit the worm but do no damage.
The worm is almost dead.
You hit the worm.
The worm is almost dead.
The worm bites you.
* * * LOW HITPOINT WARNING * * *
You hit the worm but do no damage.
The worm is almost dead.
You hit the worm but do no damage.
The worm is almost dead.
The worm barely misses you.
You hit the worm.
The worm is almost dead.
The worm bites you but does no damage.
You hit the worm but do no damage.
The worm is almost dead.
You barely miss the worm.
The worm is almost dead.
The worm bites you!
You die...

Skill      XL: |  1  2  3 |
---------------+----------+-----
Ice Magic      | 1 |  1.2
Short Blades   | 1 |  1.1
Fighting       | |  1.2
Dodging        | |  2.0
Stealth        | |  1.4
Spellcasting   | |  2.4
Hexes          | |  3.4
Air Magic      | |  1.5
Poison Magic   | |  0.3

Action                     |  1- 3 |  4- 6 || total
---------------------------+-------+-------++-------
  Melee: Dagger            |   160 |    62 ||   222
         Punch             |     4 |     1 ||     5
   Cast: Ensorcelled Hiber |    11 |     4 ||    15
         Poisonous Vapours |       |     2 ||     2
    Use: Potion            |     3 |       ||     3
   Stab: Sleeping          |     9 |     3 ||    12
 Armour: Robe              |    51 |     8 ||    59
  Dodge: Dodged            |   125 |    37 ||   162

Levels and vault maps discovered:
D:1:      dpeg_arrival_round_b, layout_loops_corners, serial_shops, shop,
          nicolae_kite_square_tiling_tiny, lexackson_kobold_supper
D:2:      layout_rooms, kennysheep_crisscross, uniq_terence

Notes
Turn   | Place    | Note
-------+----------+-------------------------------------------
     0 | D:1      | Jeffwins the Human Wanderer began the quest for the Orb.
     0 | D:1      | Jeffwins set off with the following items: a +0 dagger, a
                  | potion of heal wounds {@q2}, a +0 robe, a +0 helmet; and
                  | the following spell memorised: Slow; and the following
                  | spells available to memorise: Ensorcelled Hibernation,
                  | Cigotuvi's Dreadful Rot, Poisonous Vapours, Portal
                  | Projectile.
     0 | D:1      | Reached XP level 1. HP: 15/15 MP: 3/3
   161 | D:1      | Found Dehixkarude's Magic Scroll Shop.
   265 | D:1      | Reached XP level 2. HP: 18/21 MP: 5/5
   301 | D:1      | Learned a level 2 spell: Ensorcelled Hibernation
   304 | D:1      | Learned a level 2 spell: Poisonous Vapours
   641 | D:1      | Reached XP level 3. HP: 26/26 MP: 6/6
   854 | D:1      | Reached skill level 1 in Ice Magic
  1572 | D:2      | Reached skill level 1 in Short Blades
  1572 | D:2      | Reached XP level 4. HP: 21/32 MP: 1/7
  1877 | D:2      | HP: 2/32 [worm (4)]
  1887 | D:2      | HP: 1/32 [worm (2)]
  1892 | D:2      | Slain by a worm

Vanquished Creatures
  2 adders (D:2)
  2 dart slugs
  6 ball pythons
  3 endoplasms (D:1)
  6 goblins
  4 hobgoblins
  4 jackals
  6 kobolds (D:1)
  2 quokkas (D:1)
  5 bats
  2 frilled lizards (D:1)
  4 rats
46 creatures vanquished.

Vanquished Creatures (others)
  9 plants (D:1)
9 creatures vanquished.

Grand Total: 55 creatures vanquished

Table legend: (Time is in decaauts)
 A = Elapsed time spent in this place.
 B = Non-inter-level travel time spent in this place.
 C = Inter-level travel time spent in this place.
 D = Time resting spent in this place.
 E = Time spent auto-exploring this place.
 F = Levels seen in this place.
 G = Mean time per level.
                   A        B        C        D        E       F      G
               +--------+--------+--------+--------+--------+-----+--------+
         Total |   1874 |   1810 |     64 |     89 |   1189 |   2 |  937.0 |
       Dungeon |   1874 |   1810 |     64 |     89 |   1189 |   2 |  937.0 |
               +--------+--------+--------+--------+--------+-----+--------+

Top non-repeatable levels by time:
     D:1: 1336 daAuts
     D:2: 538 daAuts

Table legend:
 A = Non-vault XP
 B = Vault XP
 C = Vault XP percentage of total XP
 D = Non-vault monster count
 E = Vault monster count
 F = Vault count percentage of total count
                 A         B        C        D         E       F
            +---------+---------+-------+---------+---------+-------
      Total |      91 |      11 |  10.8 |      38 |       8 |  17.4
            +---------+---------+-------+---------+---------+-------
        D:1 |      38 |      11 |  22.4 |      20 |       8 |  28.6
        D:2 |      53 |       0 |   0.0 |      18 |       0 |   0.0
            +---------+---------+-------+---------+---------+-------
